 Dungeon Crawl Stone Soup version 0.29.1-15-g9cfb28693d (webtiles) character file.

Game seed: 6959578856515522668

16456 raph the Basher (level 12, -4/77 HPs)
             Began as a Gargoyle Berserker on Apr 30, 2023.
             Was an Elder of Trog.
             Slain by a blink frog (5 damage)
             ... on level 2 of the Lair of Beasts.
             The game lasted 00:16:28 (14822 turns).

raph the Basher (Gargoyle Berserker)               Turns: 14822, Time: 00:16:29

Health: -4/77      AC: 32    Str: 21    XL:     12   Next: 37%
Magic:  12/12      EV:  9    Int:  9    God:    Trog [****..]
Gold:   563        SH:  0    Dex: 13    Spells: 11/11 levels left

rFire   . . .      SeeInvis .   a - +0 dire flail
rCold   + . .      Faith    .   (shield currently unavailable)
rNeg    + . .      Spirit   .   y - +0 plate armour
rPois   ∞          Reflect  .   L - +2 hat {Will+}
rElec   +          Harm     .   z - +0 cloak
rCorr   +          Rampage  .   D - +1 pair of gloves
Will    +....                   m - +2 pair of boots
Stlth   ..........              (no amulet)
HPRegen 0.22/turn               w - ring of protection from cold
MPRegen 0.13/turn               v - ring of resist corrosion

@: no status effects
A: sickness immunity, AC +8, negative energy resistance 1, electricity
resistance, torment resistance 1, petrification resistance
a: Renounce Religion, Berserk, Trog's Hand, Brothers in Arms


You were on level 2 of the Lair of Beasts.
You worshipped Trog.
Trog was greatly pleased with you.
You visited 2 branches of the dungeon, and saw 11 of its levels.

You collected 563 gold pieces.

Inventory:

Hand Weapons
 a - a +0 dire flail (weapon)
 b - a +0 sling
 p - a +0 mace
 x - a +2 flail
Missiles
 d - 3 silver javelins (quivered)
 n - 2 curare-tipped darts
 o - 12 poisoned darts
Armour
 i - a +0 ring mail
 k - a +0 tower shield
 m - a +2 pair of boots (worn)
 r - a +0 chain mail
 y - a +0 plate armour (worn)
 z - a +0 cloak (worn)
 A - a +0 helmet
 D - a +1 pair of gloves (worn)
 L - a +2 hat of willpower (worn)
Jewellery
 s - a ring of fire
 v - a ring of resist corrosion (right hand)
 w - a ring of protection from cold (left hand)
Wands
 q - a wand of iceblast (14)
 t - a wand of digging (4)
 J - a wand of flame (14)
Scrolls
 e - a scroll of vulnerability
 E - a scroll of fog
 F - 2 scrolls of poison
 H - a scroll of magic mapping
 I - a scroll of teleportation
 N - a scroll of fear
Potions
 c - 2 potions of berserk rage
 f - 3 potions of flight
 g - 2 potions of cancellation
 h - a potion of mutation {unknown}
 j - 8 potions of curing
 l - a potion of magic
 u - 6 potions of lignification
 B - 2 potions of brilliance
 C - 3 potions of heal wounds
 G - 2 potions of invisibility
 K - a potion of ambrosia {unknown}
 M - a potion of resistance {unknown}


   Skills:
 + Level 9.8 Fighting
 - Level 14.0 Maces & Flails
 + Level 9.5 Armour
 + Level 7.2 Dodging


You had 11 spell levels left.
You didn't know any spells.
Your spell library was empty.

Dungeon Overview and Level Annotations

Branches:
Dungeon (8/15)             Temple (0/1) D:5            Lair (3/5) D:8
  Swamp: Lair:2-3    Shoals: Lair:2-3     Snake: Lair:2-3    Spider: Lair:2-3

Altars:
Dithmenos
Fedhas
Gozag
Hepliaklqana
Makhleb
Ru
Vehumet
Yredelemnul
The Shining One


Innate Abilities, Weirdness & Mutations

You are immune to sickness and miasma.
Your stone body is resilient. (AC +8)
You are immune to poison.
You resist negative energy. (rN+)
You are resistant to electric shocks. (rElec)
You are resistant to unholy torment.
You are immune to petrification.


Message History

The wolf is moderately wounded.
The blink frog hits you but does no damage.
The wolf bites you.
You closely miss the wolf.
The wolf is moderately wounded.
The blink frog hits you. The blink frog barely misses you.
The wolf bites you but does no damage.
You hit the wolf but do no damage.
The wolf is moderately wounded.
The blink frog misses you. The blink frog closely misses you.
The wolf barely misses you.
The blink frog attacks as you move away!
The blink frog hits you but does no damage.
The wolf bites you but does no damage.
The blink frog blinks!
The wolf barely misses you.
The blink frog blinks!
The blink frog closely misses you.
The blink frog attacks as you move away!
The blink frog hits you but does no damage.
The blink frog blinks!
The wolf barely misses you.
You miss the wolf.
The wolf is lightly wounded.
The blink frog hits you but does no damage.
The wolf barely misses you.
You barely miss the wolf.
The wolf is lightly wounded.
The wolf barely misses you. The blink frog barely misses you.
You impale the wolf!!
You kill the wolf!
Trog accepts your kill. The blink frog hits you.
* * * LOW HITPOINT WARNING * * *
The blink frog barely misses you.
The blink frog hits you but does no damage.
The blink frog attacks as you move away!
The blink frog misses you. The blink frog hits you!
* * * LOW HITPOINT WARNING * * *
The blink frog hits you.
* * * LOW HITPOINT WARNING * * *
The blink frog hits you.
You die...

###..#..............## ### ##.
###.'..##......[......## ##..
#......#..[.##.8.##....# #P..
.......#...###...####..### ##.#
......#...##..†...# #....### ##'#
#......<.8###..>..# #8.>#..# #...
#.........###.....# #....#.###...
#.........#.##.FF####..#.....'...
#......#...###.8@##....######....
##.######...#....##....# ####.
### #.##............## ##
###..#.........### ####.
#.....#.......#..# #.#..
##...####....###.## ###...#
##..#####.#.8.#...######P....#
###..#####.##..+.......P........
#.......###.....................


You could see 2 blink frogs.

Vanquished Creatures
  Gastronok (Lair:1)
  A hydra (Lair:2)
  3 death yaks (Lair:1)
  Pikel (D:5)
  A black mamba (Lair:2)
  Joseph (Lair:1)
  9 cane toads
  A rime drake (Lair:2)
  Maggie (Lair:1)
  2 komodo dragons
  A blink frog (Lair:2)
  16 yaks
  5 wyverns
  A warg (Lair:1)
  A steam dragon (D:6)
  9 water moccasins
  2 ice beasts
  3 orc warriors
  2 black bears
  2 sky beasts
  An ogre (D:6)
  12 wolves
  A centaur (D:7)
  A phantom (D:6)
  A lemure (D:5)
  8 bullfrogs
  4 scorpions
  2 necrophages
  4 killer bees (D:4)
  A howler monkey (D:5)
  3 orc priests
  2 hounds
  Crazy Yiuf (D:5)
  A gnoll bouda (D:7)
  7 orc wizards
  Ijyb (D:3)
  5 iguanas
  9 gnolls
  7 adders
  2 river rats (D:4)
  A shadow imp (D:5)
  A white imp (D:5)
  2 worms
  A dart slug (D:2)
  22 orcs
  12 ball pythons
  3 bats
  5 endoplasms
  3 giant cockroaches
  5 goblins
  10 hobgoblins
  3 jackals (D:2)
  9 kobolds
  6 quokkas
  3 frilled lizards
  8 rats
  A butterfly (D:5)
231 creatures vanquished.

Vanquished Creatures (others)
  An orc (D:4)
  8 fungi
  20 plants
29 creatures vanquished.

Grand Total: 260 creatures vanquished

Notes
Turn   | Place    | Note
-------+----------+-------------------------------------------
     0 | D:1      | raph the Gargoyle Berserker began the quest for the Orb.
     0 | D:1      | Reached XP level 1. HP: 14/14 MP: 1/1
    36 | D:1      | Reached XP level 2. HP: 13/19 MP: 2/2
   280 | D:1      | Reached skill level 4 in Maces & Flails
   773 | D:1      | Reached XP level 3. HP: 23/23 MP: 3/3
   941 | D:1      | Found a faded altar of an unknown god.
  1969 | D:2      | Reached ** piety under Trog
  2030 | D:2      | Reached XP level 4. HP: 26/28 MP: 4/4
  2393 | D:3      | Reached skill level 5 in Maces & Flails
  2877 | D:3      | Reached XP level 5. HP: 32/32 MP: 5/5
  3059 | D:3      | Noticed Ijyb
  3068 | D:3      | Killed Ijyb
  3464 | D:3      | Reached skill level 6 in Maces & Flails
  3714 | D:4      | Reached XP level 6. HP: 37/37 MP: 6/6
  3778 | D:4      | You fall into a shaft and drop 3 floors!
  3873 | D:6      | Reached skill level 7 in Maces & Flails
  4024 | D:6      | Reached XP level 7. HP: 34/41 MP: 7/7
  4106 | D:6      | Reached skill level 8 in Maces & Flails
  4153 | D:5      | Entered Level 5 of the Dungeon
  4777 | D:4      | Reached skill level 9 in Maces & Flails
  4787 | D:4      | HP: 2/41 [killer bee (7)]
  5482 | D:4      | Reached XP level 8. HP: 27/46 MP: 8/8
  6154 | D:5      | Found a burning altar of Makhleb.
  6191 | D:5      | Found a shadowy altar of Dithmenos.
  6325 | D:5      | Reached skill level 10 in Maces & Flails
  6439 | D:5      | Found a runed translucent door.
  6440 | D:5      | Noticed Crazy Yiuf
  6449 | D:5      | Killed Crazy Yiuf
  6607 | D:5      | Noticed Pikel
  6624 | D:5      | Killed Pikel
  6625 | D:5      | Reached skill level 11 in Maces & Flails
  7018 | D:5      | Reached XP level 9. HP: 51/51 MP: 9/9
  7139 | D:5      | Found a sacrificial altar of Ru.
  7209 | D:5      | Found a radiant altar of Vehumet.
  7251 | D:5      | Found a staircase to the Ecumenical Temple.
  7433 | D:6      | Identified the +9 hand axe "Fehid" {pain, *Noise rC+ Will+}
  7630 | D:6      | Found a blossoming altar of Fedhas.
  7633 | D:6      | Found a hazy altar of Hepliaklqana.
  7634 | D:6      | Reached *** piety under Trog
  7653 | D:6      | Found a basalt altar of Yredelemnul.
  7959 | D:6      | Found a glowing golden altar of the Shining One.
  8319 | D:6      | Reached skill level 5 in Fighting
  8319 | D:6      | Reached skill level 12 in Maces & Flails
  8840 | D:7      | Reached XP level 10. HP: 59/59 MP: 10/10
  8855 | D:7      | Found an opulent altar of Gozag.
  8895 | D:7      | Reached skill level 5 in Armour
  9575 | D:8      | Found the +4 skin of Zhor {*Englaciate rC+++ SInv}
 10075 | D:8      | Found a staircase to the Lair.
 11068 | Lair:1   | Entered Level 1 of the Lair of Beasts
 11134 | Lair:1   | Reached skill level 5 in Dodging
 11149 | Lair:1   | Noticed a cane toad
 11163 | Lair:1   | Killed a cane toad
 11331 | Lair:1   | Noticed a cane toad
 11337 | Lair:1   | Killed a cane toad
 11357 | Lair:1   | Noticed a cane toad
 11357 | Lair:1   | Noticed a cane toad
 11365 | Lair:1   | Killed a cane toad
 11366 | Lair:1   | Reached XP level 11. HP: 54/67 MP: 11/11
 11376 | Lair:1   | Reached skill level 13 in Maces & Flails
 11658 | Lair:1   | Noticed Joseph
 11678 | Lair:1   | Killed Joseph
 11813 | Lair:1   | Noticed Maggie
 11824 | Lair:1   | Killed Maggie
 12075 | Lair:1   | Noticed a death yak
 12075 | Lair:1   | Noticed a death yak
 12179 | Lair:1   | Noticed a death yak
 12200 | Lair:1   | Killed a death yak
 12375 | Lair:1   | Killed a death yak
 12384 | Lair:1   | Killed a death yak
 12556 | Lair:1   | Reached **** piety under Trog
 12658 | Lair:1   | Noticed Gastronok
 12671 | Lair:1   | Killed Gastronok
 13419 | Lair:2   | Reached XP level 12. HP: 72/76 MP: 12/12
 13675 | Lair:2   | Noticed a four-headed hydra
 13683 | Lair:2   | Killed a four-headed hydra
 14197 | Lair:2   | Reached skill level 14 in Maces & Flails
 14822 | Lair:2   | HP: 1/77 [blink frog (6)]
 14822 | Lair:2   | Slain by a blink frog

Illustrated notes

Levels and vault maps discovered:
D:1:      dpeg_arrival_boxorama, layout_loops_ring,
          shapermc_ecumenical_altar_mp_highgroup, minmay_pentomino_o4
D:2:      layout_rooms
D:3:      layout_loops_cross, uniq_ijyb
D:4:      layout_loops_corners, gup_sewer_entry_bubbles
D:5:      layout_basic, lightli_temple_of_fire,
          mainiacjoe_overflow_tiny_flanked, mainiacjoe_overflow_alcove_1,
          nicolae_dithmenos_through_a_glass_darkly,
          minmay_temple_entry_butterflies, minmay_bent, uniq_crazy_yiuf_cottage,
          uniq_pikel
D:6:      layout_basic, grunt_temple_overflow_cloverleaf
D:7:      layout_basic, lemuel_tele_altar
D:8:      layout_layer_cave, minmay_lair_entry_grove, nicolae_hexahallways
Lair:1:   beast_lair_carwin_large_2, layout_cave_pods,
          hangedman_lair_unloving_vines, nicolae_quartered_pool_super,
          uniq_joseph, uniq_maggie, uniq_gastronok
Lair:2:   layout_roguey, minivault_26, lemuel_fruit_tree, grunt_megastairs_5,
          serial_bayou_shore_b
Lair:3:   layout_layer_cave, skrybe_swamp_entry_bodies,
          guppyfry_snake_entry_garden, ebering_ghost_xom

Skill      XL: |  1  2  3  4  5  6  7  8  9 10 11 12 |
---------------+-------------------------------------+-----
Maces & Flails | 4 5 6 7 9 11 12 13 14 | 14.0
Dodging        | 3 5 6 7 |  7.2
Fighting       | 5 7 9 |  9.8
Armour         | 4 7 8 9 |  9.5

Action                   |  1- 3 |  4- 6 |  7- 9 | 10-12 || total
-------------------------+-------+-------+-------+-------++-------
Melee: Mace              |    87 |       |       |       ||    87
       Punch             |     2 |     2 |     6 |     1 ||    11
       Flail             |     9 |   160 |   415 |   190 ||   774
       Dire flail        |       |       |       |   371 ||   371
 Fire: Sling             |       |       |     3 |     3 ||     6
Throw: Javelin           |       |       |       |     2 ||     2
Invok: Berserk           |     3 |     2 |     5 |     9 ||    19
       Trog's Hand       |       |       |     2 |     3 ||     5
Evoke: Wand              |       |       |     1 |       ||     1
  Use: Scroll            |       |    14 |     8 |     5 ||    27
       Potion            |       |       |     4 |       ||     4
Armor: Animal skin       |    11 |       |       |       ||    11
       Ring mail         |    27 |     9 |       |       ||    36
       Chain mail        |       |    97 |   264 |    83 ||   444
       Plate armour      |       |       |       |   257 ||   257
Dodge: Dodged            |    89 |    64 |   145 |   228 ||   526
